 Dungeon Crawl Stone Soup version 0.32-a0-909-gc671339a80 (webtiles) character file.

Game seed: 15096630218895399783

86 Autsider the Chiller (level 4, 0/35 HPs)
             Began as a Merfolk Ice Elementalist on Apr 7, 2024.
             Slain by a gnoll
             ... wielding a +0 spear
              (7 damage)
             ... on level 3 of the Dungeon.
             The game lasted 00:04:26 (2708 turns).

Autsider the Chiller (Merfolk Ice Elementalist)     Turns: 2708, Time: 00:04:26

Health: 0/35       AC:  2    Str:  8    XL:     4   Next: 50%
Magic:  3/7        EV: 11    Int: 16    God:
Gold:   119        SH:  0    Dex: 14    Spells: 3/7 levels left

rFire   . . .        g - +0 sling
rCold   . . .        (no shield)
rNeg    . . .        a - +0 robe
rPois   .            (no helmet)
rElec   .            (no cloak)
rCorr   .            (no gloves)
SInv    .            (no boots)
Will    .....        (no amulet)
Stlth   ++           (no ring)
HPRegen 0.25/turn    (no ring)
MPRegen 0.10/turn

%: no passive effects
@: freezing walls
A: (nimble swimmer 2), mertail
a: no special abilities


You were on level 3 of the Dungeon.
You visited 1 branch of the dungeon, and saw 3 of its levels.

You collected 119 gold pieces.

Inventory:

Hand Weapons
 g - a +0 sling (weapon)
 l - a +0 dagger of venom
Armour
 a - a +0 robe (worn)
Jewellery
 i - a ring of poison resistance
Scrolls
 d - a scroll of fear {unknown}
 e - a scroll of blinking {unknown}
 f - a scroll of immolation {unknown}
 h - a scroll of amnesia {unknown}
 j - a scroll of poison {unknown}
 k - 3 scrolls of identify {unknown}
 m - a scroll of enchant armour {unknown}
Potions
 b - a potion of magic
 c - a potion of degeneration {unknown}
 n - a potion of ambrosia {unknown}
 o - 2 potions of berserk rage {unknown}
 p - a potion of lignification {unknown}


   Skills:
 + Level 3.2 Fighting
 - Level 2.6 Dodging
 - Level 2.1 Stealth
 + Level 2.2 Spellcasting
 + Level 5.1 Ice Magic


You had 3 spell levels left.
You knew the following spells:

 Your Spells              Type           Power      Damage    Failure   Level
a - Freeze                Ice            72%        1d8       2%          1
b - Frozen Ramparts       Ice            36%        1d6       8%          3

Your spell library contained the following spells:

 Spells                   Type           Power      Damage    Failure   Level
 Ozocubu's Armour         Ice            18%        N/A       8%          3
 Summon Ice Beast         Ice/Summ       10%        N/A       22%         3


Dungeon Overview and Level Annotations

Branches:
Dungeon (3/15)

Altars:

Annotations:
D:3 3 runed translucent doors, MUZO's ghost, weakling CoHu


Innate Abilities, Weirdness & Mutations

((You are very nimble when in or above water. (Stealth+, EV+, Speed+++)))
Your lower body shifts to a powerful aquatic tail in water.


Message History

The gnoll closely misses you.
The gnoll hits you from afar with a +0 spear!
* * * LOW HITPOINT WARNING * * *
The gnoll completely misses you.
Unknown command.
The gnoll attacks as it pursues you! The gnoll misses you.
The hobgoblin shouts!
Your magical contamination has completely faded away.
Casting: Frozen Ramparts (dangerous; 8% risk of failure)
Confirm with . or Enter, or press ? or * to list all spells.
Casting: Frozen Ramparts (dangerous; 8% risk of failure)
Press: ? - help, Dir - look around, f - activate The walls around you are covered in ice.
The wall freezes the gnoll.
You are too injured to fight recklessly!
Fire: g) +0 sling
Press: ? - help, Q - select action, (/) - cycle Shift-Dir - straight line, f - gnoll
Aim: a gnoll, wielding a +0 spear (moderately wounded, 60% to hit)
You shoot a sling bullet.
The sling bullet barely misses the gnoll.
The sling bullet hits the gnoll.
The gnoll is heavily wounded.
The wall freezes the gnoll.
The gnoll hits you from afar with a +0 spear!
* * * LOW HITPOINT WARNING * * *
The wall freezes the gnoll.
The wall freezes the gnoll but does no damage.
The gnoll hits you from afar with a +0 spear.
* * * LOW HITPOINT WARNING * * *
Fire: g) +0 sling
Press: ? - help, Q - select action, (/) - cycle Shift-Dir - straight line, f/p - gnoll
Aim: a gnoll, wielding a +0 spear (heavily wounded, 60% to hit)
You shoot a sling bullet.
The sling bullet hits the gnoll but does no damage.
The gnoll is heavily wounded.
The wall freezes the gnoll.
You kill the gnoll!
The wall freezes the gnoll.
The gnoll hits you from afar with a +0 spear!
You die...

#................#.gSWJ..#.....
#........###.....#########..####
#...............................
#........###........g.g.........
###......# #...###.g#######.....
#......# ##### ##g# ... #......#
#.# . #####.###########.#
#.#......@.gg.#
#.#.###############
#.#...............#
#.#..........####.#
#.#...######.#<##.# #.#...#
#.#.##.# #.#...# #)#.##.#
#.#...# #.#....# #.#...#
#.######


You could see 2 gnolls.

Vanquished Creatures
  A gnoll (D:3)
  3 adders
  4 dart slugs
  An orc (D:3)
  6 endoplasms
  2 giant cockroaches (D:1)
  3 goblins
  6 hobgoblins
  7 kobolds
  2 quokkas
  4 ball pythons
  3 bats (D:1)
  2 frilled lizards
  5 rats
49 creatures vanquished.

Notes
Turn   | Place    | Note
-------+----------+-------------------------------------------
     0 | D:1      | Autsider the Merfolk Ice Elementalist began the quest for
                  | the Orb.
     0 | D:1      | Reached XP level 1. HP: 13/13 MP: 3/3
   222 | D:1      | Reached skill level 1 in Fighting
   222 | D:1      | Reached XP level 2. HP: 16/21 MP: 5/5
   786 | D:1      | Reached XP level 3. HP: 25/27 MP: 4/6
   790 | D:1      | Learned a level 3 spell: Frozen Ramparts
  1121 | D:2      | Reached skill level 5 in Ice Magic
  1854 | D:2      | Reached XP level 4. HP: 35/35 MP: 7/7
  1856 | D:2      | Found a faded altar of an unknown god.
  2528 | D:3      | Found a runed translucent gate.
  2528 | D:3      | Found a runed translucent gate.
  2530 | D:3      | Found a runed translucent gate.
  2534 | D:3      | Noticed MUZO's ghost (weakling CoHu)
  2708 | D:3      | Slain by a gnoll

Illustrated notes

Levels and vault maps discovered:
D:1:      dpeg_arrival_stonehenge_8_columns, layout_loops_corners
D:2:      layout_basic, hellmonk_ecumenical_altar_inner_sanctum
D:3:      layout_basic, gammafunk_ghost_split

Skill      XL: |  1  2  3 |
---------------+----------+-----
Fighting       | 1 3 |  3.2
Ice Magic      | 5 |  5.1
Dodging        | |  2.6
Stealth        | |  2.1
Spellcasting   | |  2.2

Action                     |  1- 3 |  4- 6 || total
---------------------------+-------+-------++-------
   Fire: Sling             |   100 |    24 ||   124
   Cast: Freeze            |    14 |     1 ||    15
         Frozen Ramparts   |    10 |     5 ||    15
 Armour: Robe              |    35 |    11 ||    46
  Dodge: Dodged            |    25 |     9 ||    34

Table legend: (Time is in decaauts)
 A = Elapsed time spent in this place.
 B = Non-inter-level travel time spent in this place.
 C = Inter-level travel time spent in this place.
 D = Time resting spent in this place.
 E = Time spent auto-exploring this place.
 F = Levels seen in this place.
 G = Mean time per level.
                   A        B        C        D        E       F      G
               +--------+--------+--------+--------+--------+-----+--------+
         Total |   2756 |   2701 |     55 |      0 |   2369 |   3 |  918.7 |
       Dungeon |   2756 |   2701 |     55 |      0 |   2369 |   3 |  918.7 |
               +--------+--------+--------+--------+--------+-----+--------+

Top non-repeatable levels by time:
     D:1: 1121 daAuts
     D:2: 909 daAuts
     D:3: 725 daAuts
